 Seeded DCSS version 0.30-a0-52-g86a8295270 (webtiles) character file.

Game seed: 17246712331252751712 (custom seed)

50616 wilfster70 the Spear-Bearer (level 14, -4/118 HPs)
             Began as a Demonspawn Berserker on Sept 4, 2022.
             Was an Elder of Trog.
             Slain by a seven-headed hydra (5 damage)
             ... on level 5 of the Lair of Beasts on Sept 6, 2022.
             The game lasted 00:46:07 (18899 turns).

wilfster70 the Spear-Bearer (Demonspawn Berserker) Turns: 18899, Time: 00:46:08

Health: -4/118     AC: 22    Str: 25    XL:     14   Next: 20%
Magic:  0/14       EV:  7    Int: 10    God:    Trog [****..]
Gold:   828        SH: 13    Dex: 18    Spells: 13/13 levels left

rFire   + . .      SeeInvis +    a - +1 demon trident (elec)
rCold   x . .      Faith    .    d - +1 kite shield {AC+3}
rNeg    . . .      Spirit   +    h - +0 plate armour
rPois   +          Reflect  .    G - +3 crown of Dyrovepreva {rElec Int+2 SInv}
rElec   +          Harm     .    (no cloak)
rCorr   .          Rampage  .    (no gloves)
Will    ++...                    (no boots)
Stlth   ..........               (no amulet)
HPRegen 0.29/turn                c - ring of Xoebb {Fire Will+ Str+2 Dex+5 SInv}
MPRegen 0.28/turn                v - ring of Cafoynle {rPois SInv}

@: on berserk cooldown, slowed, very slow
A: claws 2, slimy green scales 2, demonic guardian 2, magic shield, magic
regeneration
a: Renounce Religion, Berserk, Trog's Hand, Brothers in Arms


You were on level 5 of the Lair of Beasts.
You worshipped Trog.
Trog was greatly pleased with you.
You visited 2 branches of the dungeon, and saw 16 of its levels.
You also visited: Sewer.

You collected 828 gold pieces.

Inventory:

Hand Weapons
 a - a +1 demon trident of electrocution (weapon)
Missiles
 x - 41 poisoned darts (quivered)
 I - 4 curare-tipped darts
Armour
 d - a +1 kite shield of protection (worn)
 h - a +0 plate armour (worn)
 G - the +3 crown of Dyrovepreva (worn) {rElec Int+2 SInv}
   (You found it on level 10 of the Dungeon)

   Int:       It affects your intelligence (+2).
   rElec:     It insulates you from electricity.
   SInv:      It lets you see invisible.
 H - +0 acid dragon scales
Jewellery
 c - the ring of Xoebb (left claw) {Fire Will+ Str+2 Dex+5 SInv}
   (You acquired it on level 1 of the Dungeon)

   [ring of fire]

   It enhances your fire magic.
   Str:       It affects your strength (+2).
   Dex:       It affects your dexterity (+5).
   rF:        It protects you from fire.
   rC:        It makes you vulnerable to cold.
   SInv:      It lets you see invisible.
   Will:      It increases your willpower.
 j - an amulet of the acrobat
 l - a ring of poison resistance
 q - a ring of ice
 v - the ring of Cafoynle (right claw) {rPois SInv}
   (You acquired it in a sewer)

   [ring of poison resistance]

   rPois:     It protects you from poison.
   SInv:      It lets you see invisible.
 y - a ring of fire
 z - a ring of fire
 P - a +6 ring of dexterity
 R - a +4 ring of protection
Wands
 B - a wand of paralysis (6)
 D - a wand of flame (21)
 F - a wand of mindburst (3)
 K - a wand of polymorph (5)
 L - a wand of roots (1)
 N - a wand of digging (6)
 Q - a wand of light (4)
Scrolls
 e - a scroll of fear
 f - 8 scrolls of teleportation
 i - 6 scrolls of fog
 n - 2 scrolls of poison
 o - a scroll of blinking
 r - a scroll of identify
 t - 3 scrolls of magic mapping
 u - 2 scrolls of summoning
 M - a scroll of silence
Potions
 b - 2 potions of magic
 g - 11 potions of curing
 k - 2 potions of cancellation
 m - 3 potions of lignification
 p - 4 potions of flight
 s - 4 potions of heal wounds
 w - 3 potions of invisibility
 A - 2 potions of resistance
 C - 2 potions of mutation
 E - 3 potions of might
 J - a potion of berserk rage
 O - a potion of ambrosia {unknown}


   Skills:
 + Level 13.4 Fighting
 - Level 14.0 Polearms
 - Level 4.0 Throwing
 - Level 7.2 Armour
 - Level 1.7 Dodging
 - Level 11.0 Shields
 + Level 5.1 Evocations


You had 13 spell levels left.
You didn't know any spells.
Your spell library was empty.

Dungeon Overview and Level Annotations

Branches:
Dungeon (11/15)            Temple (0/1) D:7            Lair (5/5) D:11
 Shoals (0/4) Lair:3       Spider (0/4) Lair:3          Orc (0/2) D:11
  Sewer (visited)
  Slime: Lair:4-5

Altars:
Ashenzari
Dithmenos
Gozag
Hepliaklqana
Kikubaaqudgha
Makhleb
Nemelex Xobeh
Ru
Sif Muna
Trog
Wu Jian

Portals:
Trove: D:10 (give +2 gold dragon scales)


Innate Abilities, Weirdness & Mutations

You have very sharp fingernails.
You are mostly covered in slimy green scales. (AC +3)
A demonic guardian rushes to your aid.
When hurt, damage is shared between your health and your magic reserves.
You regenerate magic rapidly.


Message History

Press: ? - help, Dir - move target, p - rime drake
As you read the scroll of blinking, it crumbles to dust.
The ice encasing you melts away. The water moccasin closely misses you.
The five-headed hydra barely misses your sixfirhy.
The five-headed hydra bites your sixfirhy!
Your sixfirhy dies!
Your sixfirhy disappears in a puff of smoke!
The five-headed hydra bites you but does no damage. x2
The five-headed hydra bites you!
* * * LOW HITPOINT WARNING * * *
You block the water moccasin's attack. The five-headed hydra bites you.
* * * LOW HITPOINT WARNING * * *
You block the five-headed hydra's attack.
The five-headed hydra closely misses you.
You block the five-headed hydra's attack.
The five-headed hydra bites you.
* * * LOW HITPOINT WARNING * * *
The seven-headed hydra bites you but does no damage. x3
The seven-headed hydra bites you.
* * * LOW HITPOINT WARNING * * *
The seven-headed hydra bites you!
* * * LOW HITPOINT WARNING * * *
The seven-headed hydra bites you but does no damage. x2
Your soul eater hits the seven-headed hydra.
Your soul eater drains the seven-headed hydra.
You block the water moccasin's attack.
The water moccasin bites you but does no damage.
The five-headed hydra closely misses you.
You block the five-headed hydra's attack.
The five-headed hydra barely misses you. x2
The five-headed hydra bites you.
* * * LOW HITPOINT WARNING * * *
The seven-headed hydra barely misses you.
You block the seven-headed hydra's attack. x2
The seven-headed hydra bites you!
* * * LOW HITPOINT WARNING * * *
You block the seven-headed hydra's attack.
The seven-headed hydra bites you.
You die...

# ##### ## PP#...P##.#
#### ## .
..........####..##.## ..
....................##.#.
.........................
..........?..............
.......§..........†......
.......S.D....†..........
.......k@D3..............
......^......††..........
............††††.5.......
............<..##........
.....P.#..###†.####....##
####P.##.## #### ##...
### ### #..


You could see a seven-headed hydra (drained), a five-headed hydra, a rime drake
(ally target), a water moccasin and a friendly soul eater (summoned).

Vanquished Creatures
  Josephine (D:9)
  A boulder beetle (Lair:2)
  4 hydras
  5 two-headed ogres
  15 death yaks
  Nergalle (Lair:1)
  An oklob plant (D:11)
  An elephant (Lair:1)
  3 black mambas
  2 cyclopes
  15 cane toads
  A merfolk siren (Lair:3)
  A torpor snail (Lair:1)
  A gargoyle (D:11)
  Maggie (Lair:1)
  7 komodo dragons
  3 rime drakes
  A troll (D:11)
  A hornet (D:8)
  4 dream sheep (Lair:4)
  29 blink frogs
  A jumping spider (Lair:3)
  6 wyverns
  3 culicivoras (Lair:3)
  5 wraiths
  29 yaks
  3 basilisks
  2 redbacks (Lair:3)
  2 steam dragons
  4 vampire mosquitoes (D:11)
  4 acid dragons
  2 wargs (D:11)
  22 water moccasins
  An ice beast (D:6)
  5 black bears
  4 orc warriors
  5 wolves (Lair:2)
  A centaur (D:10)
  A phantom (D:6)
  3 kobold brigands
  A necrophage (D:5)
  12 bullfrogs
  A gnoll sergeant (D:8)
  A scorpion (D:5)
  4 wights (D:8)
  8 killer bees
  2 howler monkeys
  An electric eel (Lair:2)
  7 hounds
  A jelly (D:6)
  7 orc priests
  A gnoll bouda (D:5)
  4 iguanas
  6 hell rats (Lair:5)
  15 orc wizards
  9 gnolls (D:5)
  11 adders
  5 river rats
  A shadow imp (D:7)
  An ufetubus (D:6)
  2 worms
  4 dart slugs
  44 orcs
  6 ball pythons
  4 bats
  6 endoplasms
  8 giant cockroaches
  5 hobgoblins
  3 quokkas
  A frilled lizard (D:2)
  9 goblins
  11 kobolds
  5 rats
407 creatures vanquished.

Vanquished Creatures (collateral kills)
  A manticore (D:11)
  Joseph (D:7)
  A komodo dragon (Lair:2)
  A polar bear (Lair:5)
  A hornet (D:9)
  A blink frog (Lair:5)
  A wraith (D:10)
  3 yaks
  An acid dragon (D:10)
  2 ice beasts (Lair:5)
  A kobold brigand (D:9)
  A necrophage (D:5)
  A jelly (D:6)
  A river rat (D:3)
  A white imp (Lair:5)
  An ufetubus (D:5)
  A worm (D:3)
  4 orcs
  2 kobolds (D:9)
26 creatures vanquished.

Vanquished Creatures (others)
  24 fungi
  55 plants
79 creatures vanquished.

Grand Total: 512 creatures vanquished

Notes
Turn   | Place    | Note
-------+----------+-------------------------------------------
     0 | D:1      | wilfster70 the Demonspawn Berserker began the quest for the
                  | Orb.
     0 | D:1      | Reached XP level 1. HP: 18/18 MP: 1/1
    43 | D:1      | Identified a scroll of acquirement
    43 | D:1      | Acquired the ring of Xoebb {Fire Will+ Str+2 Dex+5 SInv}
    92 | D:1      | Acquired a +1 kite shield of protection
   153 | D:1      | Reached skill level 3 in Polearms
   153 | D:1      | Gained mutation: You are partially covered in slimy green
                  | scales. (AC +2) [demonic ancestry]
   153 | D:1      | Reached XP level 2. HP: 24/24 MP: 2/2
   929 | D:2      | Gained mutation: A weak demonic guardian rushes to your
                  | aid. [demonic ancestry]
   929 | D:2      | Reached XP level 3. HP: 29/29 MP: 3/3
  1142 | D:2      | Found a faded altar of an unknown god.
  1263 | D:3      | Reached skill level 1 in Shields
  1301 | D:3      | Gained mutation: You have sharp fingernails. [demonic
                  | ancestry]
  1301 | D:3      | Reached XP level 4. HP: 19/35 MP: 4/4
  1323 | D:3      | Reached ** piety under Trog
  1432 | D:3      | Found a glowing drain.
  1475 | Sewer    | Entered a sewer
  1625 | Sewer    | Reached XP level 5. HP: 42/42 MP: 5/5
  1652 | Sewer    | Reached skill level 4 in Polearms
  1833 | Sewer    | Acquired the ring of Cafoynle {rPois SInv}
  1919 | Sewer    | Reached XP level 6. HP: 48/48 MP: 6/6
  2386 | D:3      | Found an ornate altar of the Wu Jian Council.
  2572 | D:3      | Found a burning altar of Makhleb.
  2584 | D:3      | Found an opulent altar of Gozag.
  2705 | D:3      | Found a shimmering blue altar of Sif Muna.
  2730 | D:3      | Found an ancient bone altar of Kikubaaqudgha.
  3033 | D:4      | Reached skill level 5 in Polearms
  3033 | D:4      | Gained mutation: A demonic guardian rushes to your aid.
                  | [demonic ancestry]
  3033 | D:4      | Reached XP level 7. HP: 55/55 MP: 7/7
  3137 | D:4      | Found a sacrificial altar of Ru.
  3265 | D:4      | Found a bloodstained altar of Trog.
  3487 | D:5      | Entered Level 5 of the Dungeon
  3635 | D:5      | Found a shadowy altar of Dithmenos.
  4073 | D:5      | Reached skill level 5 in Fighting
  4183 | D:5      | Reached skill level 6 in Polearms
  4183 | D:5      | Reached XP level 8. HP: 62/62 MP: 8/8
  4771 | D:5      | Found a sparkling altar of Nemelex Xobeh.
  5479 | D:6      | Reached skill level 7 in Polearms
  5527 | D:6      | Reached *** piety under Trog
  5885 | D:6      | Reached skill level 5 in Armour
  6251 | D:6      | Upgraded the game from 0.30-a0-50-gb2d611f6b1 to
                  | 0.30-a0-52-g86a8295270
  6450 | D:7      | Gained mutation: You have very sharp fingernails. [demonic
                  | ancestry]
  6450 | D:7      | Reached XP level 9. HP: 69/69 MP: 9/9
  6795 | D:7      | Found a staircase to the Ecumenical Temple.
  6868 | D:7      | Noticed Joseph
  6901 | D:7      | Killed Joseph
  6902 | D:7      | Reached skill level 5 in Shields
  7095 | D:7      | Reached skill level 8 in Polearms
  7644 | D:8      | Found a broken altar of Ashenzari.
  8088 | D:8      | Found a faded altar of an unknown god.
  8088 | D:8      | Found a hazy altar of Hepliaklqana.
  8419 | D:9      | Reached XP level 10. HP: 79/79 MP: 10/10
  8435 | D:9      | Reached skill level 9 in Polearms
  9395 | D:10     | Entered Level 10 of the Dungeon
  9406 | D:10     | Noticed a cyclops
  9415 | D:10     | Killed a cyclops
  9419 | D:10     | Found the +3 crown of Dyrovepreva {rElec Int+2 SInv}
  9786 | D:9      | HP: 1/80 [yak (10)]
 10108 | D:10     | Noticed a two-headed ogre
 10116 | D:10     | Killed a two-headed ogre
 10117 | D:10     | Reached skill level 10 in Polearms
 10258 | D:10     | Noticed a two-headed ogre
 10268 | D:10     | Killed a two-headed ogre
 10269 | D:10     | Gained mutation: You regenerate magic rapidly. [demonic
                  | ancestry]
 10269 | D:10     | Reached XP level 11. HP: 86/86 MP: 11/11
 10536 | D:10     | Found a portal to a secret trove of treasure.
 10631 | D:10     | Noticed Josephine
 10661 | D:9      | Killed Josephine
 11265 | D:11     | Noticed a two-headed ogre
 11282 | D:11     | Killed a two-headed ogre
 11283 | D:11     | Reached skill level 11 in Polearms
 11351 | D:11     | Noticed an oklob plant
 11496 | D:11     | Noticed a two-headed ogre
 11504 | D:11     | Killed a two-headed ogre
 11958 | D:11     | Found a staircase to the Orcish Mines.
 12418 | D:11     | Found a staircase to the Lair.
 12660 | D:11     | Noticed a two-headed ogre
 12668 | D:11     | Killed a two-headed ogre
 13004 | D:11     | Killed an oklob plant
 13005 | D:11     | Reached skill level 12 in Polearms
 13111 | Lair:1   | Entered Level 1 of the Lair of Beasts
 13140 | Lair:1   | Reached XP level 12. HP: 97/97 MP: 12/12
 13288 | Lair:1   | Noticed Nergalle
 13304 | Lair:1   | Killed Nergalle
 13504 | Lair:1   | Reached skill level 10 in Fighting
 13603 | Lair:1   | Noticed a death yak
 13627 | Lair:1   | Killed a death yak
 13880 | Lair:1   | Reached skill level 13 in Polearms
 14200 | Lair:1   | Noticed Maggie
 14210 | Lair:1   | Killed Maggie
 14426 | Lair:1   | Noticed a six-headed hydra
 14441 | Lair:1   | Killed a six-headed hydra
 14828 | Lair:2   | Noticed a death yak
 14829 | Lair:2   | Noticed a death yak
 14831 | Lair:2   | Noticed a death yak
 14839 | Lair:2   | Noticed a death yak
 14846 | Lair:1   | Killed a death yak
 15179 | Lair:2   | Noticed a seven-headed hydra
 15189 | Lair:2   | Killed a seven-headed hydra
 15190 | Lair:2   | Gained mutation: You are mostly covered in slimy green
                  | scales. (AC +3) [demonic ancestry]
 15190 | Lair:2   | Reached XP level 13. HP: 90/106 MP: 13/13
 15583 | Lair:2   | Reached skill level 14 in Polearms
 15702 | Lair:2   | Reached skill level 10 in Shields
 16254 | Lair:3   | Reached **** piety under Trog
 16354 | Lair:3   | Found a staircase to the Shoals.
 16411 | Lair:3   | Found a hole to the Spider Nest.
 16935 | Lair:3   | Reached skill level 1 in Evocations
 17068 | Lair:3   | Reached skill level 1 in Throwing
 17072 | Lair:3   | Identified the +1 robe of Ebok {rElec rPois rCorr}
 18227 | Lair:4   | Gained mutation: When hurt, damage is shared between your
                  | health and your magic reserves. [demonic ancestry]
 18227 | Lair:4   | Reached XP level 14. HP: 61/116 MP: 14/14
 18768 | Lair:5   | Entered Level 5 of the Lair of Beasts
 18880 | Lair:5   | Reached skill level 5 in Evocations
 18899 | Lair:5   | HP: 1/118 [seven-headed hydra (8)]
 18899 | Lair:5   | Slain by a seven-headed hydra

Illustrated notes

Levels and vault maps discovered:
D:1:      evilmike_arrival_plus, layout_rooms
D:2:      minmay_evil_eye, layout_loops_ring, ebering_ecumenical_altar_box
D:3:      layout_basic, palyth_temple_overflow_mages, nzn_wu_jian_contemplation,
          amethyst_overflow_temple_binary, portal_sewer_entry_c
D:4:      layout_basic, trog_book, nicolae_ru_great_annihilating_truth
D:5:      layout_loops_ring, nicolae_dithmenos_the_darkroom,
          overflow_temple_1_default
D:6:      layout_basic
D:7:      layout_loops_ring, minmay_temple_entry_poolview, uniq_joseph
D:8:      layout_loops_ring, mainiacjoe_overflow_cross_hatched,
          beargit_hepliaklqana_dungeon_heroes, grunt_ministairs_7,
          dk_noncrumbling_4
D:9:      layout_roguey, mainiacjoe_overflow_paths,
          nicolae_elyvilon_peaceful_grove
D:10:     layout_basic, nicolae_trove_entry_crossroad, pond, uniq_josephine
D:11:     layout_basic, dpeg_oklobed_lair, erik_orc_3
Lair:1:   layout_long_grid, nzn_random_ring, grunt_megastairs_1, uniq_nergalle,
          uniq_maggie
Lair:2:   layout_roguey, serial_bayou_shore_a
Lair:3:   layout_layer_cave, minmay_shoals_entry_lonely_mermaid,
          nicolae_spider_entry_tight_spaces
Lair:4:   layout_misc_corridors
Lair:5:   evil_forest, layout_hall_layers, slime_entry_1, basic_altar,
          ice2_lemuel, uniq_kirke

Skill      XL: |  1  2  3  4  5  6  7  8  9 10 11 12 13 14 |
---------------+-------------------------------------------+-----
Armour         | 2 3 4 5 6 7 |  7.2
Polearms       | 3 4 5 6 7 8 10 12 13 14 | 14.0
Shields        | 1 2 3 4 5 6 8 9 11 | 11.0
Fighting       | 4 5 6 7 8 9 11 12 13 | 13.4
Evocations     | 3 5 |  5.1
Throwing       | 4 |  4.0
Dodging        | |  1.7

Action                   |  1- 3 |  4- 6 |  7- 9 | 10-12 | 13-15 || total
-------------------------+-------+-------+-------+-------+-------++-------
Melee: Spear             |   113 |   229 |   509 |       |       ||   851
       Trident           |       |       |    27 |   433 |       ||   460
       Demon trident     |       |       |       |   305 |   412 ||   717
Invok: Berserk           |     4 |     8 |    24 |    30 |    10 ||    76
       Trog's Hand       |       |       |     3 |    10 |     1 ||    14
Evoke: Wand              |       |       |     1 |       |     4 ||     5
  Use: Scroll            |     2 |     1 |    24 |     6 |     2 ||    35
       Potion            |       |       |       |     1 |     1 ||     2
 Stab: Sleeping          |     1 |       |       |       |       ||     1
       Paralysed         |       |       |    10 |       |       ||    10
       Distracted        |       |       |       |     1 |       ||     1
Armor: Animal skin       |    13 |       |       |       |       ||    13
       Ring mail         |    31 |     8 |       |       |       ||    39
       Plate armour      |       |    71 |   205 |   331 |   129 ||   736
Dodge: Dodged            |    39 |    29 |    72 |   141 |    60 ||   341
Block: Kite shield       |    46 |    84 |   195 |   417 |   166 ||   908

Table legend: (Time is in decaauts)
 A = Elapsed time spent in this place.
 B = Non-inter-level travel time spent in this place.
 C = Inter-level travel time spent in this place.
 D = Time resting spent in this place.
 E = Time spent auto-exploring this place.
 F = Levels seen in this place.
 G = Mean time per level.
                   A        B        C        D        E       F      G
               +--------+--------+--------+--------+--------+-----+--------+
         Total |  19461 |  19027 |    434 |   5740 |   7833 |  17 | 1144.8 |
       Dungeon |  12907 |  12609 |    298 |   3930 |   5083 |  11 | 1173.4 |
          Lair |   5777 |   5642 |    135 |   1628 |   2514 |   5 | 1155.4 |
         Sewer |    777 |    777 |      0 |    180 |    235 |   1 |  777.0 |
               +--------+--------+--------+--------+--------+-----+--------+

Top non-repeatable levels by time:
     D:9: 1886 daAuts
  Lair:3: 1875 daAuts
  Lair:1: 1790 daAuts
     D:6: 1619 daAuts
    D:11: 1538 daAuts
    D:10: 1520 daAuts
  Lair:2: 1318 daAuts
     D:5: 1245 daAuts
     D:3: 1094 daAuts
     D:7: 1062 daAuts
     D:8: 981 daAuts
   Sewer: 777 daAuts
  Lair:4: 733 daAuts
     D:4: 722 daAuts
     D:1: 652 daAuts
